 Dungeon Crawl Stone Soup version 0.30-a0-757-ga6a79fd877 (webtiles) character file.

Game seed: 948742173541993000

25 cheesebisquit the Ruffian (level 3, -2/31 HPs)
             Began as a Ghoul Monk on Feb 9, 2023.
             Killed from afar by Sigmund (3 damage)
             ... with a puff of flame
             ... on level 2 of the Dungeon.
             The game lasted 00:04:10 (865 turns).

cheesebisquit the Ruffian (Ghoul Monk)               Turns: 865, Time: 00:04:11

Health: -2/31      AC:  6    Str: 16    XL:     3   Next: 6%
Magic:  2/2        EV: 11    Int:  5    God:
Gold:   60         SH:  0    Dex: 11    Spells: 2/2 levels left

rFire   + . .      SeeInvis .      - Unarmed
rCold   + + .      Faith    .    (no shield)
rNeg    + + +      Spirit   .    k - +0 ring mail
rPois   ∞          Reflect  .    (no helmet)
rElec   .          Harm     .    g - scarf {rC+ rF+}
rCorr   .          Rampage  .    j - +0 pair of gloves
Will    .....                    (no boots)
Stlth   +                        (no amulet)
HPRegen 0.00/turn                (no ring)
MPRegen 0.08/turn                (no ring)

@: inhibited regen
A: claws 1, cold resistance 1, negative energy resistance 3, inhibited
regeneration, torment resistance 2, devour on kill
a: no special abilities


You were on level 2 of the Dungeon.
You visited 1 branch of the dungeon, and saw 2 of its levels.

You collected 60 gold pieces.

Inventory:

Missiles
 d - 2 boomerangs (quivered)
Armour
 a - a +0 robe
 g - a scarf of resistance (worn)
 j - a +0 pair of gloves (worn)
 k - a +0 ring mail (worn)
Jewellery
 i - an amulet of the acrobat
Scrolls
 c - 2 scrolls of identify {unknown}
 e - a scroll of enchant weapon {unknown}
 l - a scroll of amnesia {unknown}
 m - a scroll of immolation {unknown}
 n - a scroll of enchant armour {unknown}
Potions
 b - a potion of ambrosia
 f - a potion of brilliance {unknown}
 h - a potion of curing {unknown}


   Skills:
 + Level 3.6 Fighting
 - Level 2.6 Dodging
 + Level 2.7 Stealth
 * Level 4.0 Unarmed Combat


You had 2 spell levels left.
You didn't know any spells.
Your spell library was empty.

Dungeon Overview and Level Annotations

Branches:
Dungeon (2/15)

Altars:

Annotations:
D:2 Sigmund


Innate Abilities, Weirdness & Mutations

You are immune to poison.
You have sharp fingernails.
Your flesh is cold resistant. (rC+)
You are immune to negative energy. (rN+++)
You do not regenerate when monsters are visible.
You are immune to unholy pain and torment.
You thrive by killing the living.


Message History

Sigmund casts a spell.
Sigmund flickers and vanishes!
Deactivating autopickup; reactivate with Ctrl-A.
You barely miss something. The endoplasm freezes you.
You are frozen.
You resist. Something hits you.
You hit something but do no damage. The endoplasm hits you.
You hit something.
The endoplasm hits you but does no damage.
You hear some strange, mumbled words.
A magic dart appears from out of thin air!
The magic dart hits you.
You miss something.
The endoplasm hits you but does no damage.
You hear some strange, mumbled words.
A puff of flame appears from out of thin air!
The puff of flame hits you. You resist.
You hit the endoplasm.
The endoplasm is lightly wounded.
Something hits you. The endoplasm freezes you.
You are frozen.
You resist.
You hit the endoplasm.
You kill the endoplasm!
You miss something. Something hits you but does no damage.
You barely miss something. Something hits you.
You miss something. You barely miss something.
You hear some strange, mumbled words.
A puff of flame appears from out of thin air!
The puff of flame hits you. You resist.
* * * LOW HITPOINT WARNING * * *
You closely miss something. Something hits you.
* * * LOW HITPOINT WARNING * * *
You barely miss something. You closely miss something.
You hear some strange, mumbled words.
A puff of flame appears from out of thin air!
The puff of flame hits you. You resist.
You die...

#.##### ..#....
♣♣....... ### .........
.. #........ #.
#........
#.#+###+####........
#...........@{......
#...................
.#+##...................
.......<............###.
....................#
.............#####....
.#.########### ##### #


There were no monsters in sight!

Vanquished Creatures
  A dart slug (D:1)
  2 ball pythons (D:1)
  2 endoplasms
  2 hobgoblins (D:1)
  4 jackals (D:1)
  2 quokkas (D:1)
  3 bats (D:1)
  2 frilled lizards (D:1)
  A goblin (D:1)
  2 kobolds (D:1)
  2 rats (D:1)
23 creatures vanquished.

Notes
Turn   | Place    | Note
-------+----------+-------------------------------------------
     0 | D:1      | cheesebisquit the Ghoul Monk began the quest for the Orb.
     0 | D:1      | Reached XP level 1. HP: 19/19 MP: 0/0
   259 | D:1      | Reached XP level 2. HP: 23/26 MP: 1/1
   363 | D:1      | HP: 1/26 [quokka (3)]
   780 | D:1      | Reached skill level 4 in Unarmed Combat
   780 | D:1      | Reached XP level 3. HP: 28/31 MP: 2/2
   841 | D:2      | Noticed Sigmund
   863 | D:2      | HP: 1/31 [something (6)]
   865 | D:2      | Killed from afar by Sigmund

Illustrated notes

Levels and vault maps discovered:
D:1:      wander_arrival_lonely_grave, layout_basic, minmay_pentomino_o2
D:2:      layout_basic, dilly_ecumenical_altar_fadedgnrine, uniq_sigmund

Skill      XL: |  1  2 |
---------------+-------+-----
Unarmed Combat | 4 |  4.0
Fighting       | |  3.6
Dodging        | |  2.6
Stealth        | |  2.7

Action                     || total
---------------------------++-------
  Melee: Unarmed           ||    98
         Punch             ||     1
  Throw: Boomerang         ||    30
   Stab: Sleeping          ||     1
 Armour: Robe              ||     4
         Ring mail         ||    18
  Dodge: Dodged            ||    48

Table legend: (Time is in decaauts)
 A = Elapsed time spent in this place.
 B = Non-inter-level travel time spent in this place.
 C = Inter-level travel time spent in this place.
 D = Time resting spent in this place.
 E = Time spent auto-exploring this place.
 F = Levels seen in this place.
 G = Mean time per level.
                   A        B        C        D        E       F      G
               +--------+--------+--------+--------+--------+-----+--------+
         Total |    867 |    852 |     15 |      0 |    607 |   2 |  433.5 |
       Dungeon |    867 |    852 |     15 |      0 |    607 |   2 |  433.5 |
               +--------+--------+--------+--------+--------+-----+--------+

Top non-repeatable levels by time:
     D:1: 831 daAuts
     D:2: 35 daAuts
